 Dungeon Crawl Stone Soup version 0.27.0-1-g7a089689b8 (webtiles) character file.

Game seed: 2911284281756395900

205 SnakkuSnakku7 the Chucker (level 5, -2/29 HPs)
             Began as a Deep Elf Brigand on Aug 12, 2021.
             Slain by a scorpion (3 damage)
             ... on level 4 of the Dungeon.
             The game lasted 00:04:50 (3659 turns).

SnakkuSnakku7 the Chucker (Deep Elf Brigand)        Turns: 3659, Time: 00:04:51

Health: -2/29      AC:  6    Str:  9    XL:     5   Next: 53%
Magic:  7/7        EV: 10    Int: 16    God:
Gold:   128        SH:  0    Dex: 16    Spells: 4/4 levels left

rFire    . . .     SeeInvis .   a - +2 dagger
rCold    . . .     Faith    .   (no shield)
rNeg     + . .     Spirit   .   q - +0 ring mail
rPois    .         Reflect  .   (no helmet)
rElec    .         Harm     .   c - +0 cloak
rCorr    .         Rampage  .   (no gloves)
Will     .....                  (no boots)
Stlth    ++........             (no amulet)
HPRegen  0.09/turn              f - ring of positive energy
MPRegen  0.10/turn              (no ring)

@: no status effects
A: no striking features
a: no special abilities


You were on level 4 of the Dungeon.
You visited 1 branch of the dungeon, and saw 4 of its levels.

You collected 164 gold pieces.
You spent 36 gold pieces at shops.

Inventory:

Hand Weapons
 a - a +2 dagger (weapon)
Missiles
 d - 24 poisoned darts (quivered)
 n - 73 arrows
Armour
 b - a +0 robe
 c - a +0 cloak (worn)
 q - a +0 ring mail (worn)
Jewellery
 f - a ring of positive energy (left hand)
Wands
 t - a wand of polymorph (4)
Scrolls
 h - 2 scrolls of enchant weapon {unknown}
 j - a scroll of amnesia {unknown}
 l - a scroll of holy word {unknown}
 o - 2 scrolls of fog {unknown}
 p - a scroll of identify {unknown}
 s - a scroll of fear {unknown}
 u - a scroll of enchant armour {unknown}
Potions
 g - 3 potions of curing {unknown}
 i - a potion of mutation {unknown}
 k - a potion of attraction {unknown}
 m - 3 potions of ambrosia {unknown}
 r - a potion of flight {unknown}


   Skills:
 - Level 1.5 Fighting
 - Level 2.0 Short Blades
 + Level 5.9 Throwing
 - Level 1.2 Dodging
 - Level 4.8 Stealth


You had 4 spell levels left.
You didn't know any spells.
Your spell library was empty.

Dungeon Overview and Level Annotations

Branches:
Dungeon (4/15)
 Temple: D:4-7

Altars:

Shops:
D:4 *


Message History

An orc comes into view. It is wielding a +0 hand axe.
An orc is nearby!
An orc is nearby!
Found 21 stones.
A quokka comes into view.
An orc comes into view. It is wielding a +0 dagger.
A scorpion and an orc priest come into view.
An orc comes into view. It is wielding a +0 flail.
The helpless orc fails to defend itself.
You impale the orc!!
You kill the orc!
The orc shouts!
You hear a shout!
A goblin comes into view. It is wielding a +0 dagger.
The orc priest invokes the aid of Beogh against you.
Beogh smites you!
Unknown command.
The orc priest calls down the wrath of Beogh upon you.
Beogh smites you!
* * * LOW HITPOINT WARNING * * *
Throw: 24 darts (poison)
Press: ? - help, Q - select action, (/) - cycle Shift-Dir - straight line, f - scorpion
Aim: a scorpion (62% to hit)
Okay, then.
Throw: 2 darts (curare)
Press: ? - help, Shift-Dir - straight line, f - scorpion
Aim: a scorpion (62% to hit)
You throw a curare-tipped dart.
The curare-tipped dart closely misses the scorpion.
The scorpion stings you.
* * * LOW HITPOINT WARNING * * *
Throw: dart (curare)
Press: ? - help, Shift-Dir - straight line, f/p - scorpion
Aim: a scorpion (62% to hit)
You throw a curare-tipped dart.
The curare-tipped dart hits the scorpion.
The scorpion is poisoned.
The scorpion convulses.
The scorpion seems to slow down.
The scorpion is moderately wounded.
The scorpion stings you.
You die...

############..>..# .#
#####..#####...#.# .#
...#..8..........##.####
..........##............
....8.∩<8.....................
#.##......###.#..#.... .....
#.##..8...###.#..##.## ....#
#.###..##...........# ....#
#.# ############@#### ....#
#.# #s# .o..# ..#
#.#######)...#.# ..#
#.o..o.or......#
#..#####o#(..### g..(.# #.#
#.# #####.# ... # #.# #... #..
.....


You could see a scorpion (very poisoned, slow) and an orc.

Vanquished Creatures
  An orc priest (D:3)
  Jessica (D:3)
  4 gnolls
  5 adders
  An adder skeleton (D:4)
  2 worms (D:2)
  A dart slug (D:2)
  3 orcs
  5 ball pythons
  6 bats
  2 endoplasms
  A giant cockroach (D:4)
  4 goblins
  12 jackals (D:1)
  2 frilled lizards (D:1)
  2 kobolds
  7 rats
59 creatures vanquished.

Notes
Turn   | Place    | Note
-------+----------+-------------------------------------------
     0 | D:1      | SnakkuSnakku7 the Deep Elf Brigand began the quest for the
                  | Orb.
     0 | D:1      | Reached XP level 1. HP: 12/12 MP: 3/3
    76 | D:1      | Reached XP level 2. HP: 5/16 MP: 4/4
   333 | D:1      | Reached skill level 3 in Throwing
   568 | D:1      | Reached XP level 3. HP: 19/20 MP: 5/5
  1232 | D:2      | Reached skill level 4 in Throwing
  1524 | D:2      | Found a faded altar of an unknown god.
  1877 | D:2      | Reached XP level 4. HP: 25/25 MP: 6/6
  2364 | D:3      | Reached skill level 5 in Throwing
  2488 | D:3      | Reached XP level 5. HP: 17/29 MP: 7/7
  3211 | D:3      | Noticed Jessica
  3243 | D:3      | Killed Jessica
  3613 | D:4      | Found Laklo's General Store.
  3621 | D:4      | Bought 15 arrows for 36 gold pieces
  3658 | D:4      | HP: 1/29 [scorpion (4)]
  3659 | D:4      | Slain by a scorpion

Illustrated notes

Levels and vault maps discovered:
D:1:      erik_arrival_cave_to_civilisation [erik_arrival_cave_to_hall],
          layout_basic, chequers_serial_rivers_small_a
D:2:      layout_basic, basic_ecumenical_altar, minmay_distorted
D:3:      layout_basic, uniq_jessica
D:4:      layout_loops_cross, fedhas_altar_4,
          nicolae_ru_great_annihilating_truth, serial_shops,
          nicolae_shop_statue_plus, minmay_manual_moon

Skill      XL: |  1  2  3  4 |
---------------+-------------+-----
Throwing       | 3 4 5 |  5.9
Fighting       | |  1.5
Short Blades   | |  2.0
Dodging        | |  1.2
Stealth        | |  4.8

Action                   |  1- 3 |  4- 6 || total
-------------------------+-------+-------++-------
Melee: Dagger            |   120 |    84 ||   204
       Unarmed           |       |     2 ||     2
Throw: Dart              |     7 |    25 ||    32
 Stab: Sleeping          |    12 |     3 ||    15
       Confused          |       |     1 ||     1
Armor: Robe              |    23 |       ||    23
       Ring mail         |       |    33 ||    33
Dodge: Dodged            |    78 |    38 ||   116
